 Dungeon Crawl Stone Soup version 0.30-a0-4-ga7cffc901d (webtiles) character file.

Game seed: 2139355872306448336

36 KleinerIrrer the Gusty (level 3, 0/21 HPs)
             Began as an Octopode Air Elementalist on Aug 21, 2022.
             Succumbed to a scorpion's poison
             ... on level 2 of the Dungeon.
             The game lasted 00:04:32 (2272 turns).

KleinerIrrer the Gusty (Octopode Air Elementalist)  Turns: 2272, Time: 00:04:33

Health: 0/21       AC:  1    Str:  7    XL:     3   Next: 37%
Magic:  1/7        EV: 13    Int: 19    God:
Gold:   98         SH:  0    Dex: 12    Spells: 4/7 levels left

rFire   . . .      SeeInvis .    c - +0 whip
rCold   . . .      Faith    .    (no shield)
rNeg    . . .      Spirit   .    (helmet restricted)
rPois   .          Reflect  .    (no amulet)
rElec   .          Harm     .    (no ring)
rCorr   .          Rampage  .    (no ring)
Will    .....                    (no ring)
Stlth   +++.......               (no ring)
HPRegen 0.07/turn                (no ring)
MPRegen 0.10/turn                (no ring)
                                 (no ring)
                                 (no ring)

@: brilliant, lethally poisoned (0 -> -20)
A: almost no armour, amphibious, 8 rings, camouflage 1, gelatinous body 1,
(nimble swimmer 1), tentacles
a: no special abilities


You were on level 2 of the Dungeon.
You visited 1 branch of the dungeon, and saw 2 of its levels.

You collected 98 gold pieces.

Inventory:

Hand Weapons
 c - a +0 whip (weapon)
Jewellery
 k - a ring of resist corrosion
 l - a +6 ring of strength
Scrolls
 b - a scroll of immolation {unknown}
 d - 4 scrolls of identify {unknown}
 f - a scroll of teleportation {unknown}
 g - a scroll of fear {unknown}
 h - a scroll of magic mapping {unknown}
 i - a scroll of fog {unknown}
Potions
 a - a potion of magic
 e - a potion of heal wounds {unknown}
 j - a potion of brilliance


   Skills:
 - Level 2.0 Dodging
 - Level 2.6 Stealth
 + Level 2.8 Spellcasting
 - Level 1.0 Conjurations
 + Level 3.7 Air Magic


You had 4 spell levels left.
You knew the following spells:

 Your Spells              Type           Power      Damage    Failure   Level
a - Shock                 Conj/Air       68%        1d7       6%          1
b - Static Discharge      Conj/Air       17%        3-6/arc   9%          2

Your spell library contained the following spells:

 Spells                   Type           Power      Damage    Failure   Level
 Swiftness                Air            25%        N/A       10%         3
 Beastly Appendage        Tmut           8%         N/A       16%         1
 Ensorcelled Hibernation  Hex/Ice        8%         N/A       24%         2
 Passwall                 Tmut/Erth      3%         N/A       24%         2
 Wereblood                Tmut           4%         N/A       24%         2
 Airstrike                Air            12%        2d(2-18)  32%         4
 Spider Form              Tmut/Pois      4%         N/A       43%         3


Dungeon Overview and Level Annotations

Branches:
Dungeon (2/15)

Altars:

Shops:
D:2 !*(==


Innate Abilities, Weirdness & Mutations

You cannot wear most types of armour.
You are amphibious.
You can wear up to eight rings at the same time.
Your skin changes colour to match your surroundings (Stealth+).
Your rubbery body absorbs attacks. (AC +1, EV +1)
((You are camouflaged when in or above water. (Stealth+)))
You have tentacles for arms and can constrict up to eight enemies at once.


Message History

Press: ? - help, Shift-Dir - straight line The zap hits the scorpion.
The scorpion is moderately wounded.
The zap hits the scorpion.
The scorpion is heavily wounded.
The scorpion closely misses you.
Casting: Shock (safe; 6% risk of failure)
Confirm with . or Enter, or press ? or * to list all spells.
Aiming: Shock (safe; 6% risk of failure)
Press: ? - help, Shift-Dir - straight line The zap misses the scorpion.
The zap hits the scorpion.
The scorpion is heavily wounded.
The scorpion closely misses you.
Casting: Shock (safe; 6% risk of failure)
Confirm with . or Enter, or press ? or * to list all spells.
Aiming: Shock (safe; 6% risk of failure)
Press: ? - help, Shift-Dir - straight line The zap hits the scorpion but does no damage.
The scorpion is heavily wounded.
The zap hits the scorpion.
The scorpion is heavily wounded.
The scorpion stings you. x2
You are lethally poisoned!
The scorpion poisons you!
Casting: Shock (safe; 6% risk of failure)
Confirm with . or Enter, or press ? or * to list all spells.
Aiming: Shock (safe; 6% risk of failure)
Press: ? - help, Shift-Dir - straight line The zap hits the scorpion.
The scorpion is severely wounded.
The zap hits the scorpion.
The scorpion is almost dead.
You feel very sick. The scorpion stings you!
* * * LOW HITPOINT WARNING * * *
You are more poisoned.
The scorpion poisons you!
It was a potion of brilliance.
You feel clever all of a sudden.
You die...

#.##....# #########....)...
#.##....########................
#.##...........∩.......##.......
#....#'#########.......##.......
#.##...................# .......
#.##...#########.......# .......
#.##...#...# #..###### ###...
#......#...#####s###### #...
#......+...'...@......#######...
#......#...#.#....###.##...##...
##............>.........<...'....
.......).............#.#....#####
###.....#............#.#...)'....
###...##..#.#..###.#.#....#####
#................#.#....#
#.......................#####
#.####.####..#...#.#.........


You could see a scorpion.

Vanquished Creatures
  6 bats
  6 endoplasms
  2 giant cockroaches (D:1)
  3 goblins
  3 hobgoblins
  2 quokkas
  2 ball pythons
  6 kobolds
  2 rats (D:1)
32 creatures vanquished.

Notes
Turn   | Place    | Note
-------+----------+-------------------------------------------
     0 | D:1      | KleinerIrrer the Octopode Air Elementalist began the quest
                  | for the Orb.
     0 | D:1      | Reached XP level 1. HP: 11/11 MP: 3/3
   470 | D:1      | Reached XP level 2. HP: 17/17 MP: 0/5
  1315 | D:2      | Reached XP level 3. HP: 21/21 MP: 4/6
  1398 | D:2      | Found Raim's Weapon Shop.
  1444 | D:2      | Found Loniof's General Store.
  1536 | D:2      | Found Ehorchi's Jewellery Shop.
  1707 | D:2      | Learned a level 2 spell: Static Discharge
  1747 | D:2      | Found Tarigur's Jewellery Shoppe.
  1973 | D:2      | Noticed a scorpion
  2132 | D:2      | Found Vosuqyext's Distillery.
  2272 | D:2      | Succumbed to a scorpion's poison

Illustrated notes

Levels and vault maps discovered:
D:1:      scummos_arrival_star, layout_loops_ring
D:2:      layout_basic, serial_shops, nicolae_shop_advertising_works
          [nicolae_subvault_shop_adworks], shop_fountains, shop,
          nicolae_shop_stone, nicolae_shop_waterfront,
          dilly_ecumenical_altar_fadedgnrine

Action                   || total
-------------------------++-------
Melee: Unarmed           ||    10
       Whip              ||    16
       Tentacles         ||     6
       Constrict         ||     6
 Cast: Shock             ||    50
  Use: Potion            ||     1
Armor: Skin              ||     5
Dodge: Dodged            ||    24

Table legend: (Time is in decaauts)
 A = Elapsed time spent in this place.
 B = Non-inter-level travel time spent in this place.
 C = Inter-level travel time spent in this place.
 D = Time resting spent in this place.
 E = Time spent auto-exploring this place.
 F = Levels seen in this place.
 G = Mean time per level.
                   A        B        C        D        E       F      G
               +--------+--------+--------+--------+--------+-----+--------+
         Total |   2272 |   2226 |     46 |      0 |   2003 |   2 | 1136.0 |
       Dungeon |   2272 |   2226 |     46 |      0 |   2003 |   2 | 1136.0 |
               +--------+--------+--------+--------+--------+-----+--------+

Top non-repeatable levels by time:
     D:1: 1312 daAuts
     D:2: 960 daAuts
